cohdb
Replays
Latest Replays
All Replays
Popular Replays
Top Player Replays
Match Explorer
How It Works
Community
CoH3 Stats
Reddit
Sign in to upload your games and track your stats! →
Sign in with Steam
Match 42360389
Unlisted
Match 42360389
Overview
Messages
Build Orders
End
Construct Infanterie Kompanie
Pioneer Squad
Selects Terror Battlegroup
Selects Machine Gun Camouflage
MG 42 Machine Gun Team
MG 42 Machine Gun Team
Grenadier Squad
Construct Panzergrenadier Kompanie
Infanterie Officer Quarters
GrW 34 Mortar Team
Construct Panzergrenadier Kompanie
iExploze
MULAC2
Açucar Macabro
ConcernedApe
0
0
Comments
sign in to comment!
No comments posted yet!